 Dungeon Crawl Stone Soup version 0.29-a0-870-g2c972031a6 (webtiles) character file.

Game seed: 17620036524775404698

4223 Zonian the Frost Mage (level 10, 0/63 HPs)
             Began as a Demonspawn Ice Elementalist on July 17, 2022.
             Slain by an orc warrior
             ... wielding a +0 spear
              (15 damage)
             ... in a bailey.
             The game lasted 00:20:53 (8656 turns).

Zonian the Frost Mage (Demonspawn Ice Elementalist) Turns: 8656, Time: 00:20:54

Health: 0/63       AC: 17    Str:  8    XL:     10   Next: 9%
Magic:  16/21      EV: 18    Int: 18    God:
Gold:   1717       SH:  0    Dex: 31    Spells: 9/23 levels left

rFire   . . .      SeeInvis +   G - +7 rapier "Erphash" {venom, Dex+4 SInv}
rCold   . . .      Faith    .   (no shield)
rNeg    . . .      Spirit   .   H - +1 steam dragon scales
rPois   .          Reflect  .   g - +1 helmet
rElec   .          Harm     .   i - +2 cloak
rCorr   .          Rampage  .   (no gloves)
Will    .....                   j - +1 pair of boots
Stlth   ++++++....              h - amulet of regeneration
HPRegen 1.00/turn               m - +6 ring of dexterity
MPRegen 0.17/turn               q - +4 ring of protection

@: no status effects
A: thin skeletal structure 2, powered by death 2, spiny 1
a: no special abilities


You were in a bailey.
You visited 1 branch of the dungeon, and saw 7 of its levels.
You also visited: Bailey.

You collected 1717 gold pieces.

Inventory:

Hand Weapons
 d - a +0 dagger
 e - a +2 dagger of flaming
 l - a +4 short sword
 y - a +2 dagger of flaming
 z - a +5 rapier of speed
 G - the +7 rapier "Erphash" (weapon) {venom, Dex+4 SInv}
   (You found it on level 7 of the Dungeon)

   It poisons the flesh of those it strikes.
   Dex:       It affects your dexterity (+4).
   SInv:      It lets you see invisible.
Armour
 a - a +0 robe
 g - a +1 helmet (worn)
 i - a +2 cloak (worn)
 j - a +1 pair of boots (worn)
 r - an orb of guile
 w - an orb of wrath
 H - +1 steam dragon scales (worn)
Magical Staves
 f - a staff of cold
Jewellery
 h - an amulet of regeneration (around neck)
 m - a +6 ring of dexterity (left hand)
 o - a ring of positive energy
 q - a +4 ring of protection (right hand)
 s - a ring of magical power
 u - a ring of fire
 A - an amulet of guardian spirit
Wands
 t - a wand of mindburst (16)
 x - a wand of polymorph (5)
 C - a wand of roots (5)
 D - a wand of charming (17)
Scrolls
 B - 5 scrolls of teleportation
 K - 2 scrolls of enchant weapon
 L - a scroll of enchant armour
Potions
 b - 4 potions of lignification
 c - a potion of attraction
 k - 3 potions of might
 p - a potion of haste
 v - a potion of mutation {unknown}
 F - a potion of flight
 I - 3 potions of brilliance {unknown}
 J - a potion of cancellation {unknown}
 M - 2 potions of magic


   Skills:
 - Level 5.7 Dodging
 - Level 6.2 Stealth
 + Level 7.3 Spellcasting
 + Level 4.6 Conjurations
 + Level 8.0 Ice Magic


You had 9 spell levels left.
You knew the following spells:

 Your Spells              Type           Power      Damage    Failure   Level
a - Freeze                Ice            100%       1d11      1%          1
b - Frozen Ramparts       Ice            70%        1d9       1%          3
c - Ozocubu's Armour      Ice            35%        N/A       1%          3
d - Hailstorm             Conj/Ice       29%        3d8       8%          4
e - Vampiric Draining     Necr           6%         2d6       30%         3

Your spell library contained the following spells:

 Spells                   Type           Power      Damage    Failure   Level
 Necrotise                Necr           24%        1d5       11%         1
 Agony                    Necr           6%         N/A       96%         5


Dungeon Overview and Level Annotations

Branches:
Dungeon (7/15)             Temple (0/1) D:4          Bailey (1/1)

Altars:


Innate Abilities, Weirdness & Mutations

You have a moderately thin skeletal structure. (Dex +4, Stealth++)
You regenerate health from kills.
You are partially covered in sharp spines.


Message History

The orc warrior misses you.
Your Ice Magic skill increases to level 8!
You have reached level 10!
Aiming: Mindburst
Press: ? - help, Shift-Dir - straight line, f - orc warrior
Aim: an orc warrior, wielding a +0 spear and wearing a +0 ring mail (strong, chance to affect: 64%)
The orc warrior struggles to resist.
The orc warrior misses you.
Unknown command.
Your icy armour will break if you move.
Continue?
Your icy armour cracks and falls away as you move.
The orc warrior misses you.
Items here: ) ? [ †.
You barely miss the orc warrior.
The orc warrior is struck by your spines.
The orc warrior hits you with a +0 spear!!
* * * LOW HITPOINT WARNING * * *
The orc warrior completely misses you.
You closely miss the orc warrior.
The orc warrior is lightly wounded.
The orc warrior is struck by your spines.
The orc warrior barely misses you.
Unknown command.
You feel better.
The orc warrior hits you with a +0 spear.
* * * LOW HITPOINT WARNING * * *
Okay, then.
Okay, then.
You puncture the orc warrior!
The orc warrior is poisoned.
The orc warrior is moderately wounded.
The orc warrior is struck by your spines.
The orc warrior closely misses you.
You hit the orc warrior.
The orc warrior is severely wounded.
The orc warrior misses you.
You hit the orc warrior.
The orc warrior looks as sick as possible!
The orc warrior is almost dead.
The orc warrior is struck by your spines.
The orc warrior hits you with a +0 spear!
You die...

###### ####### ######
.....#########.....###......
......#.....#.......'.......
.##...'.....'..#....'.......
.8....'.....'...@o..'.......
.##...'.....'..#....'.......
..))).#.....#)......'.......
...).#########.....###......
###### ####### ######


You could see an orc warrior (strong, extremely poisoned).

Vanquished Creatures
  3 orc knights (Bailey)
  Pikel (D:4)
  A yak (D:7)
  Eustachio (D:5)
  A steam dragon (D:7)
  Duvessa (D:5)
  5 orc warriors
  2 sky beasts (D:6)
  3 black bears
  An ogre (D:5)
  2 lemures (D:4)
  2 phantoms (D:5)
  A necrophage (D:4)
  Dowan (D:5)
  A howler monkey (D:6)
  2 electric eels (D:6)
  3 hounds
  4 orc priests
  4 jellies
  2 iguanas
  3 orc wizards
  3 adders
  A shadow imp (D:5)
  An ufetubus (D:6)
  A worm (D:3)
  3 dart slugs
  38 orcs
  5 ball pythons
  3 bats (D:1)
  8 endoplasms
  2 giant cockroaches
  6 goblins
  11 hobgoblins
  8 kobolds
  A quokka (D:1)
  3 frilled lizards
  6 rats
144 creatures vanquished.

Vanquished Creatures (others)
  An ufetubus (D:6)
  A kobold (D:7)
2 creatures vanquished.

Grand Total: 146 creatures vanquished

Notes
Turn   | Place    | Note
-------+----------+-------------------------------------------
     0 | D:1      | Zonian the Demonspawn Ice Elementalist began the quest for
                  | the Orb.
     0 | D:1      | Reached XP level 1. HP: 13/13 MP: 3/3
   795 | D:1      | Gained mutation: You are partially covered in sharp spines.
                  | [demonic ancestry]
   795 | D:1      | Reached XP level 2. HP: 19/19 MP: 3/5
  2035 | D:2      | Gained mutation: You have a somewhat thin skeletal
                  | structure. (Dex +2, Stealth+) [demonic ancestry]
  2035 | D:2      | Reached XP level 3. HP: 22/24 MP: 6/6
  3048 | D:3      | Reached skill level 4 in Ice Magic
  3344 | D:3      | Gained mutation: You regenerate a little health from kills.
                  | [demonic ancestry]
  3344 | D:3      | Reached XP level 4. HP: 30/30 MP: 8/8
  3720 | D:4      | Reached XP level 5. HP: 29/35 MP: 9/9
  3886 | D:4      | Found a staircase to the Ecumenical Temple.
  3906 | D:4      | Identified a scroll of acquirement
  3906 | D:4      | Acquired 1220 gold pieces
  3979 | D:4      | Noticed a black bear
  3990 | D:4      | Learned a level 3 spell: Frozen Ramparts
  3994 | D:4      | Learned a level 3 spell: Ozocubu's Armour
  4025 | D:4      | Noticed a lemure
  4041 | D:4      | Killed a lemure
  4115 | D:4      | Noticed a lemure
  4118 | D:4      | Noticed Pikel
  4121 | D:4      | Noticed a lemure
  4121 | D:4      | Killed a lemure
  4124 | D:4      | Noticed a lemure
  4127 | D:4      | Killed Pikel
  4128 | D:4      | Reached skill level 5 in Ice Magic
  4128 | D:4      | Gained mutation: You regenerate health from kills. [demonic
                  | ancestry]
  4128 | D:4      | Reached XP level 6. HP: 41/41 MP: 7/12
  4128 | D:4      | Reached XP level 7. HP: 46/46 MP: 7/13
  4473 | D:5      | Entered Level 5 of the Dungeon
  5051 | D:5      | Noticed Eustachio
  5065 | D:5      | Reached XP level 8. HP: 49/52 MP: 8/14
  5069 | D:5      | Killed Eustachio
  5070 | D:5      | Reached skill level 5 in Stealth
  5879 | D:5      | Noticed Dowan
  5881 | D:5      | Noticed Duvessa
  5885 | D:5      | Killed Dowan
  5891 | D:5      | Killed Duvessa
  5892 | D:5      | Reached skill level 5 in Dodging
  5892 | D:5      | Reached skill level 5 in Spellcasting
  5892 | D:5      | Reached skill level 6 in Ice Magic
  7104 | D:6      | Gained mutation: You have a moderately thin skeletal
                  | structure. (Dex +4, Stealth++) [demonic ancestry]
  7104 | D:6      | Reached XP level 9. HP: 57/57 MP: 17/17
  7607 | D:6      | Learned a level 4 spell: Hailstorm
  7651 | D:7      | Learned a level 3 spell: Vampiric Draining
  7873 | D:7      | Reached skill level 1 in Conjurations
  7874 | D:7      | Identified the +7 rapier "Erphash" {venom, Dex+4 SInv}
  8066 | D:7      | Found a flagged portal.
  8090 | Bailey   | Entered a bailey
  8290 | Bailey   | Reached skill level 7 in Ice Magic
  8360 | Bailey   | Noticed an orc knight
  8396 | Bailey   | Killed an orc knight
  8537 | Bailey   | Noticed an orc knight
  8583 | Bailey   | Noticed an orc knight
  8606 | Bailey   | Killed an orc knight
  8648 | Bailey   | Killed an orc knight
  8649 | Bailey   | Reached skill level 8 in Ice Magic
  8649 | Bailey   | Reached XP level 10. HP: 21/63 MP: 14/21
  8656 | Bailey   | Slain by an orc warrior

Illustrated notes

Levels and vault maps discovered:
D:1:      dpeg_arrival_windows_large_door, layout_basic
D:2:      layout_loops_cross, kennysheep_generic_room_13
D:3:      layout_rooms
D:4:      layout_gridville, minmay_temple_entry_ruins, uniq_pikel
D:5:      layout_layer_cave, uniq_eustachio, uniq_duvessa
D:6:      layout_basic, lightli_minifort
D:7:      layout_loops_corners, grunt_qazlal_clouds, enter_bailey_6,
          minmay_misc_feat_doors, kennysheep_small_square
Bailey:   bailey_polearm_5, bailey

Skill      XL: |  1  2  3  4  5  6  7  8  9 |
---------------+----------------------------+-----
Stealth        | 2 3 4 6 |  6.2
Dodging        | 2 3 4 5 |  5.7
Ice Magic      | 4 5 6 8 |  8.0
Spellcasting   | 3 4 5 7 |  7.3
Conjurations   | 4 |  4.6

Action                   |  1- 3 |  4- 6 |  7- 9 | 10-12 || total
-------------------------+-------+-------+-------+-------++-------
Melee: Unarmed           |     6 |       |       |       ||     6
       Dagger            |    15 |       |       |       ||    15
       Short sword       |    47 |    47 |    54 |       ||   148
       Rapier            |       |       |   114 |     5 ||   119
       Punch             |       |       |     1 |       ||     1
 Cast: Freeze            |    26 |       |       |       ||    26
       Frozen Ramparts   |       |     2 |    19 |       ||    21
       Ozocubu's Armour  |       |       |     3 |       ||     3
Evoke: Wand              |       |       |     7 |     1 ||     8
  Use: Potion            |     2 |     1 |     7 |     1 ||    11
       Scroll            |     7 |     4 |     7 |       ||    18
 Stab: Sleeping          |     8 |     4 |    12 |       ||    24
Armor: Robe              |    19 |    11 |    54 |       ||    84
       Steam dragon scal |       |       |    13 |       ||    13
Dodge: Dodged            |    39 |    13 |   132 |     6 ||   190

Table legend: (Time is in decaauts)
 A = Elapsed time spent in this place.
 B = Non-inter-level travel time spent in this place.
 C = Inter-level travel time spent in this place.
 D = Time resting spent in this place.
 E = Time spent auto-exploring this place.
 F = Levels seen in this place.
 G = Mean time per level.
                   A        B        C        D        E       F      G
               +--------+--------+--------+--------+--------+-----+--------+
         Total |   8638 |   8521 |    117 |   2731 |   4024 |   8 | 1079.8 |
       Dungeon |   8065 |   7948 |    117 |   2495 |   4024 |   7 | 1152.1 |
        Bailey |    573 |    573 |      0 |    236 |      0 |   1 |  573.0 |
               +--------+--------+--------+--------+--------+-----+--------+

Top non-repeatable levels by time:
     D:1: 1816 daAuts
     D:5: 1809 daAuts
     D:6: 1313 daAuts
     D:3: 955 daAuts
     D:2: 924 daAuts
     D:4: 783 daAuts
  Bailey: 573 daAuts
     D:7: 463 daAuts
